 Dungeon Sprint DCSS version 0.28.0 (webtiles) character file.

Game seed: 864549551889841413

12205 rocky1 the Spry (level 11, -5/150 HPs)
             Began as a Merfolk Gladiator on Feb 7, 2022.
             Was a High Priest of Okawaru.
             Slain by a merfolk (12 damage)
             ... in the Dungeon (Sprint VII: "The Pits") on Feb 9, 2022.
             The game lasted 00:19:28 (4521 turns).

rocky1 the Spry (Merfolk Gladiator)                 Turns: 4521, Time: 00:19:29

Health: -5/150     AC: 20    Str: 23    XL:     11   Next: 89%
Magic:  21/21      EV: 16    Int: 10    God:    Okawaru [*****.]
Gold:   0          SH:  0    Dex: 15    Spells: 10/10 levels left

rFire   . . .      SeeInvis .   v - +2 halberd (venom)
rCold   . . .      Faith    .   (shield currently unavailable)
rNeg    . . .      Spirit   .   s - +4 chain mail
rPois   .          Reflect  .   c - +0 helmet
rElec   .          Harm     .   t - +0 cloak
rCorr   .          Rampage  .   (no gloves)
Will    .....      NoTele   +   u - +0 pair of boots
Stlth   ..........              (no amulet)
HPRegen 0.35/turn               n - +3 ring of intelligence
MPRegen 0.17/turn               o - +3 ring of strength

@: berserking, very quick
A: (nimble swimmer 2), mertail
a: Renounce Religion, Heroism, Finesse


You were in the Dungeon.
You worshipped Okawaru.
Okawaru was extremely pleased with you.
You visited 1 branch

Inventory:

Hand Weapons
 a - a +4 quarterstaff of speed
 m - a +2 vorpal morningstar
 p - a +1 vampiric lajatang
 v - a +2 halberd of venom (weapon)
 y - a +0 scimitar of flaming
Missiles
 d - 3 throwing nets
 g - 3 boomerangs (quivered)
 x - 6 silver javelins
Armour
 c - a +0 helmet (worn)
 s - a +4 chain mail (worn)
 t - a +0 cloak (worn)
 u - a +0 pair of boots (worn)
Jewellery
 n - a +3 ring of intelligence (left hand)
 o - a +3 ring of strength (right hand)
Scrolls
 l - 5 scrolls of amnesia
Potions
 b - a potion of degeneration {unknown}
 e - 5 potions of curing
 h - 4 potions of magic
 k - 2 potions of invisibility
 q - a potion of brilliance
 r - 2 potions of mutation


   Skills:
 + Level 14.1 Fighting
 + Level 6.9 Long Blades
 - Level 16.0(16.4) Polearms
 + Level 3.5(7.1) Staves
 - Level 5.0 Throwing
 + Level 10.6 Armour
 + Level 17.7 Dodging
 + Level 13.3 Invocations


You had 10 spell levels left.
You didn't know any spells.
Your spell library was empty.

Dungeon Overview and Level Annotations

Branches:
Dungeon (1/1)

Altars:
Ashenzari
Cheibriados
Dithmenos
Elyvilon
Fedhas
Gozag
Hepliaklqana
Kikubaaqudgha
Makhleb
Nemelex Xobeh
Okawaru
Qazlal
Ru
Sif Muna
Trog
Uskayaw
Vehumet
Wu Jian
Xom
Yredelemnul
Zin
The Shining One
Beogh
Jiyva
Lugonu


Innate Abilities, Weirdness & Mutations

((You are very nimble when in or above water. (Stealth+, EV+, Speed+++)))
Your lower body shifts to a powerful aquatic tail in water.


Message History

A merfolk breaks down the door.
Things that are here:
a +0 robe; a +0 dagger
There is an open door here.
You close the door.
A merfolk opens the door.
There is an open door, spattered with blood here.
Things that are here:
a +0 robe; a +0 dagger
There is an open door here.
You see here a +0 whip.
Which direction?
You close the door, pushing everything out of the way.
There is an open door, spattered with blood here.
Items here: )) [[.
A merfolk breaks down the door.
Things that are here:
a +0 whip; a +0 flail The merfolk throws a boomerang.
The boomerang hits you!
* * * LOW HITPOINT WARNING * * *
The merfolk throws a boomerang.
The boomerang hits you.
* * * LOW HITPOINT WARNING * * *
The merfolk closely misses you.
Things that are here:
a +0 whip; a +0 flail A red film seems to cover your vision as you go berserk!
You feel yourself moving faster!
You feel mighty!
The merfolk throws a boomerang.
The boomerang hits you but does no damage.
The merfolk hits you but does no damage.
You feel a strong urge to attack something.
There is an open door, spattered with blood here.
Items here: )) [[.
You impale the merfolk!!
You kill the merfolk!
Okawaru accepts your kill. The merfolk hits you with a +0 trident!
* * * LOW HITPOINT WARNING * * *
The merfolk hits you with a +0 trident!
You die...

#.#..########...<...##...#
#[#..'.)))[##.......##..##
#.#..#..))[##.......##.m#.
#'###########.......##..#.
#.m.....#..###########..'.
#.).#...#.############..#.
#...#...#)#....#..[.##..#.
#.##m##.#[#....#...[##..##
#...#...#@m....'...)##...#
#...#...#'#....#..))##....
#.......[.#....#..).##....
##########################


You could see a merfolk.

Vanquished Creatures
  A hydra (D)
  An ogre mage (D)
  An anaconda (D)
  4 two-headed ogres (D)
  2 death yaks (D)
  A sun demon (D)
  A spriggan (D)
  A deep troll (D)
  A deep elf pyromancer (D)
  An elephant (D)
  A merfolk siren (D)
  An unseen horror (D)
  A rime drake (D)
  An ice devil (D)
  An efreet (D)
  A polar bear (D)
  2 merfolk (D)
  2 hornets (D)
  Grinder (D)
  A tarantella (D)
  3 blink frogs (D)
  A snapping turtle (D)
  A steam dragon (D)
  A water moccasin (D)
  A floating eye (D)
  A black bear (D)
  5 wolves (D)
  A bullfrog (D)
  A gnoll sergeant (D)
  3 killer bees (D)
  A crimson imp (D)
  A quasit (D)
  A jelly (D)
  An orc priest (D)
  A hound (D)
  Jessica (D)
  An iguana (D)
  2 orc wizards (D)
  A mummy (D)
  3 gnolls (D)
  A river rat (D)
  An ufetubus (D)
  3 orcs (D)
  A bat skeleton (D)
  2 giant cockroaches (D)
  A hobgoblin (D)
  A quokka (D)
  A ball python (D)
  A ball python skeleton (D)
  2 frilled lizards (D)
  A goblin (D)
72 creatures vanquished.

Notes
Turn   | Place    | Note
-------+----------+-------------------------------------------
     0 | D        | rocky1 the Merfolk Gladiator began the quest for the Orb.
     0 | D        | Reached XP level 1. HP: 16/16 MP: 1/1
    19 | D        | Reached skill level 5 in Polearms
    19 | D        | Reached skill level 1 in Armour
    23 | D        | Found a bloodstained altar of Trog.
    23 | D        | Found a shimmering blue altar of Sif Muna.
    23 | D        | Found a viscous altar of Jiyva.
    23 | D        | Found a hazy altar of Hepliaklqana.
    23 | D        | Found an opulent altar of Gozag.
    24 | D        | Found a glowing golden altar of the Shining One.
    24 | D        | Found a glowing silver altar of Zin.
    24 | D        | Found a basalt altar of Yredelemnul.
    24 | D        | Found a shimmering altar of Xom.
    24 | D        | Found an ornate altar of the Wu Jian Council.
    24 | D        | Found a sacrificial altar of Ru.
    24 | D        | Found a stormy altar of Qazlal.
    24 | D        | Found an iron altar of Okawaru.
    24 | D        | Found a sparkling altar of Nemelex Xobeh.
    24 | D        | Found a burning altar of Makhleb.
    24 | D        | Found a blossoming altar of Fedhas.
    24 | D        | Found a white marble altar of Elyvilon.
    24 | D        | Found a shadowy altar of Dithmenos.
    24 | D        | Found a snail-covered altar of Cheibriados.
    27 | D        | Found a corrupted altar of Lugonu.
    27 | D        | Found a radiant altar of Vehumet.
    28 | D        | Found an ancient bone altar of Kikubaaqudgha.
    28 | D        | Found a hide-covered altar of Uskayaw.
    28 | D        | Found a broken altar of Ashenzari.
    32 | D        | Became a worshipper of Warmaster Okawaru
   158 | D        | Reached XP level 2. HP: 24/24 MP: 2/2
   294 | D        | Reached skill level 5 in Dodging
   299 | D        | Reached XP level 3. HP: 30/30 MP: 3/3
   303 | D        | HP: 1/30 [acid (1)]
   305 | D        | Reached skill level 6 in Dodging
   305 | D        | Reached XP level 4. HP: 2/38 MP: 4/4
   869 | D        | Noticed Jessica
   869 | D        | Noticed a water moccasin
   881 | D        | Killed a water moccasin
   881 | D        | Reached * piety under Okawaru
   882 | D        | Reached skill level 8 in Dodging
   882 | D        | Reached XP level 5. HP: 46/46 MP: 5/5
   887 | D        | Killed Jessica
  1086 | D        | Reached skill level 1 in Invocations
  1086 | D        | Reached XP level 6. HP: 53/53 MP: 6/6
  1093 | D        | Reached skill level 9 in Dodging
  1180 | D        | Noticed Grinder
  1187 | D        | Paralysed by Grinder for 4 turns
  1198 | D        | Killed Grinder
  1198 | D        | Reached ** piety under Okawaru
  1199 | D        | Reached skill level 5 in Armour
  1199 | D        | Reached skill level 10 in Dodging
  1199 | D        | Reached XP level 7. HP: 48/59 MP: 6/10
  1462 | D        | Noticed a death yak
  1466 | D        | Paralysed by a floating eye for 2 turns
  1473 | D        | Paralysed by a floating eye for 3 turns
  1482 | D        | Reached skill level 5 in Invocations
  1488 | D        | Killed a death yak
  1488 | D        | Reached *** piety under Okawaru
  1489 | D        | Reached skill level 11 in Dodging
  1489 | D        | Reached XP level 8. HP: 67/69 MP: 10/13
  1493 | D        | Reached skill level 12 in Dodging
  1844 | D        | Noticed a rime drake
  1853 | D        | Killed a rime drake
  1853 | D        | Reached **** piety under Okawaru
  2081 | D        | Noticed a two-headed ogre
  2083 | D        | Noticed an ogre mage
  2083 | D        | Noticed a two-headed ogre
  2084 | D        | Noticed a two-headed ogre
  2084 | D        | Noticed a deep troll
  2119 | D        | Killed a two-headed ogre
  2120 | D        | Reached skill level 13 in Dodging
  2120 | D        | Reached XP level 9. HP: 64/78 MP: 13/15
  2130 | D        | Killed a two-headed ogre
  2131 | D        | Reached skill level 10 in Fighting
  2133 | D        | Noticed a two-headed ogre
  2147 | D        | Killed an ogre mage
  2147 | D        | Reached ***** piety under Okawaru
  2148 | D        | Reached skill level 15 in Polearms
  2148 | D        | Reached skill level 14 in Dodging
  2155 | D        | Killed a deep troll
  2156 | D        | Reached skill level 10 in Invocations
  2156 | D        | Reached XP level 10. HP: 80/88 MP: 17/17
  2160 | D        | Killed a two-headed ogre
  2161 | D        | Reached skill level 15 in Dodging
  2162 | D        | Killed a two-headed ogre
  2340 | D        | Noticed a sun demon
  2359 | D        | Killed a sun demon
  3216 | D        | Received a gift from Okawaru
  3217 | D        | Reached skill level 16 in Dodging
  3231 | D        | Reached skill level 1 in Staves
  3327 | D        | Noticed an eight-headed hydra
  3636 | D        | Reached skill level 1 in Long Blades
  3746 | D        | Noticed a spriggan rider
  3747 | D        | Noticed an anaconda
  3748 | D        | Noticed a deep elf pyromancer
  3766 | D        | Killed an anaconda
  3767 | D        | Reached XP level 11. HP: 26/97 MP: 12/20
  3767 | D        | Killed a spriggan rider
  3767 | D        | Received a gift from Okawaru
  3769 | D        | HP: 2/98 [eight-headed hydra (10)]
  3776 | D        | Killed a four-headed hydra
  3786 | D        | Reached skill level 10 in Armour
  3789 | D        | Killed a deep elf pyromancer
  3789 | D        | Reached ****** piety under Okawaru
  3792 | D        | Received a gift from Okawaru
  3793 | D        | Reached skill level 17 in Dodging
  3814 | D        | Reached skill level 5 in Long Blades
  3814 | D        | Reached skill level 5 in Throwing
  4153 | D        | Noticed a death yak
  4161 | D        | Killed a death yak
  4405 | D        | Noticed a merfolk javelineer
  4433 | D        | Received a gift from Okawaru
  4520 | D        | HP: 6/150 [merfolk (11)]
  4521 | D        | Slain by a merfolk

Illustrated notes

Levels and vault maps discovered:
D:        pitsprint [storerooms_1, entrance_room_1, metal_vault_6, armoury_2,
          mini_pit_1, grid_room_1, main_hall_1, silver_pit, the_coven_2,
          the_vestibule_1, steel_vault_3, golden_pit, hallway_of_sentries,
          crystal_vault_1, iron_vault_2, final_vault]

Skill      XL: |  1  2  3  4  5  6  7  8  9 10 11 |
---------------+----------------------------------+-----
Polearms       | 5 6 8 9 11 13 14 15 16 | 16.0
Armour         | 1 2 3 4 5 6 7 8 9 10 | 10.6
Fighting       | 3 4 6 8 9 11 12 14 | 14.1
Dodging        | 5 6 8 10 11 13 14 16 17 | 17.7
Invocations    | 1 4 7 8 10 12 13 | 13.3
Staves         | 1 3 |  3.5
Long Blades    | 2 6 |  6.9
Throwing       | 3 5 |  5.0

Action                   |  1- 3 |  4- 6 |  7- 9 | 10-12 || total
-------------------------+-------+-------+-------+-------++-------
Melee: Trident           |    28 |    45 |    26 |       ||    99
       Halberd           |       |       |    34 |   195 ||   229
       Long sword        |       |       |       |     6 ||     6
Throw: Boomerang         |       |       |       |     2 ||     2
Invok: Heroism           |       |     1 |       |     1 ||     2
       Finesse           |       |       |       |     1 ||     1
  Use: Potion            |       |     1 |     4 |    11 ||    16
       Scroll            |       |       |       |     1 ||     1
 Stab: Sleeping          |     2 |       |       |       ||     2
Armor: Leather armour    |     5 |       |       |       ||     5
       Scale mail        |       |    11 |     8 |       ||    19
       Chain mail        |       |       |    14 |    96 ||   110
Dodge: Dodged            |    14 |    21 |    21 |   128 ||   184
